Map: Prion Terraces

Players

LiquidMaNa (MaNa) - Winner!

  • Race: Protoss Protoss
  • League: Grandmaster

Harstem

  • Race: Protoss Protoss
  • League: Grandmaster

Event: 2016 WCS Winter Challenger Europe

VOD

Have the link to the VOD?

Description

Time

  • Played on: Feb. 13, 2016, 11:09 a.m.
  • Length: 3:40

All games in this series

Show
View Real Time Build Order
Export as new Build Order

LiquidMaNa Protoss - Winner!

Build Orders:  

Get SALT Encoding   

  12  0:00  Probe (Chrono Boost)  
  13  0:11  Probe (Chrono Boost)  
  14  0:18  Pylon  
  14  0:22  Probe (Chrono Boost)  
  15  0:36  Probe (Chrono Boost)  
  15  0:37  Gateway  
  16  0:46  Assimilator  
  16  0:47  Probe (Chrono Boost)  
  17  0:57  Probe (Chrono Boost)  
  18  1:08  Probe (Chrono Boost)  
  19  1:15  Gateway  
  20  1:18  Probe (Chrono Boost)  
  20  1:19  Assimilator  
  20  1:24  Cybernetics Core  
  20  1:29  Probe (Chrono Boost)  
  21  1:38  Pylon  
  21  1:41  Probe (Chrono Boost)  
  23  1:57  Pylon  
  24  2:01  Mothership Core (Chrono Boost)  
  24  2:04  Stalker (Chrono Boost)  
  26  2:13  Stalker (Chrono Boost)  
  28  2:19  Probe (Chrono Boost)  
  29  2:33  Probe  
  29  2:36  Stalker (Chrono Boost)  
  32  2:43  Stalker (Chrono Boost)  
  34  2:52  Pylon  
  33  3:05  Stalker  
  37  3:24  Pylon  
Show
View Real Time Build Order
Export as new Build Order

Harstem Protoss 

Build Orders: Nexus First 

Get SALT Encoding   

  12  0:01  Probe (Chrono Boost)  
  13  0:12  Probe (Chrono Boost)  
  14  0:18  Pylon  
  14  0:22  Probe (Chrono Boost)  
  15  0:36  Probe (Chrono Boost)  
  16  0:47  Probe (Chrono Boost)  
  17  1:00  Nexus  
  17  1:12  Gateway  
  17  1:14  Probe (Chrono Boost)  
  18  1:25  Probe (Chrono Boost), Assimilator  
  19  1:34  Assimilator  
  19  1:35  Probe (Chrono Boost)  
  19  1:38  Pylon  
  20  1:50  Gateway  
  20  2:01  Cybernetics Core  
  20  2:03  Probe (Chrono Boost)  
  21  2:16  Probe (Chrono Boost)  
  21  2:17  Probe (Chrono Boost)  
  23  2:24  Pylon  
  23  2:27  Probe (Chrono Boost)  
  23  2:38  Stalker x2 (Chrono Boost)  
  27  2:46  Mothership Core  
  31  3:08  Pylon  
  33  3:20  Pylon  
  33  3:27  Gateway  
Tags
 
Add a new tag
Caveats
  • Supply blocks, unpowered buildings, or Contaminate may cause inaccurate times.
  • Supply counts are checked every 10 seconds.